 Dungeon Crawl Stone Soup version 0.31-a0-221-gbddc013574 (webtiles) character file.

Game seed: 1418549896039703392

87 qw the Shooter (level 4, 0/26 HPs)
             Began as a Gargoyle Hexslinger on July 4, 2023.
             Slain by an orc
             ... wielding a +0 club
              (2 damage)
             ... on level 3 of the Dungeon.
             The game lasted 00:00:46 (1902 turns).

qw the Shooter (Gargoyle Hexslinger)                Turns: 1902, Time: 00:00:47

Health: 0/26       AC:  9    Str: 11    XL:     4   Next: 51%
Magic:  5/5        EV: 10    Int: 14    God:
Gold:   120        SH:  0    Dex: 14    Spells: 4/5 levels left

rFire   . . .        Y - +2 sling
rCold   . . .        (no shield)
rNeg    + . .        m - +0 ring mail
rPois   inf          h - +0 helmet
rElec   +            (no cloak)
rCorr   .            (no gloves)
SInv    .            (no boots)
Will    .....        (no amulet)
Stlth   +            (no ring)
HPRegen 0.24/turn    (no ring)
MPRegen 0.09/turn

%: no passive effects
@: no status effects
A: sickness immunity, AC +3, negative energy resistance 1, electricity
resistance, torment resistance 1, petrification resistance
a: no special abilities


You were on level 3 of the Dungeon.
You visited 1 branch of the dungeon, and saw 3 of its levels.

You collected 120 gold pieces.


Innate Abilities, Weirdness & Mutations

You are immune to sickness and miasma.
Your stone body is resilient. (AC +3)
You are immune to poison.
You resist negative energy. (rN+)
You are resistant to electric shocks. (rElec)
You are resistant to unholy torment.
You are immune to petrification.


   Skills:
 - Level 2.0 Fighting
 + Level 4.0 Ranged Weapons
 - Level 1.2 Armour
 - Level 1.5 Dodging
 - Level 1.0 Spellcasting
 - Level 2.6 Hexes


You had 4 spell levels left.
You knew the following spells:

 Your Spells              Type           Power      Damage    Failure   Level
a - Slow                  Hex            32%        N/A       21%         1

Your spell library contained the following spells:

 Spells                   Type           Power      Damage    Failure   Level
 Inner Flame              Hex/Fire       4%         N/A       71%         3
 Portal Projectile        Hex/Tloc       8%         N/A       71%         3
 Cause Fear               Hex            4%         N/A       90%         4

Inventory:

Hand Weapons
 Y - a +2 sling (weapon)
Armour
 h - a +0 helmet (worn)
 m - a +0 ring mail (worn)
Scrolls
 b - a scroll of identify
Potions
 c - a potion of mutation {unknown}
 e - 3 potions of heal wounds
 g - a potion of brilliance {unknown}
 j - a potion of attraction {unknown}
 l - a potion of enlightenment {unknown}
 o - a potion of degeneration {unknown}

Dungeon Overview and Level Annotations

Branches:
Dungeon (3/15)

Altars:

Portals:
Abyss: D:3

Annotations:
D:3 2 transporters, qw's ghost, amateur GrFi


Message History

You shoot a sling bullet.
The sling bullet closely misses the goblin.
The goblin closely misses you. The orc hits you with a +0 club.
You shoot a sling bullet.
The sling bullet barely misses the goblin.
The goblin closely misses you.
You shoot a sling bullet. The sling bullet hits the goblin!
You kill the goblin!
The orc hits you but does no damage. x3; The orc barely misses you.
The orc hits you with a +0 club.
You shoot a sling bullet.
The sling bullet hits the orc but does no damage.
The orc is moderately wounded.
The orc hits you but does no damage. x2; The orc hits you with a +0 club.
The orc closely misses you.
You shoot a sling bullet.
The sling bullet hits the orc but does no damage.
The orc is moderately wounded.
The orc hits you but does no damage. The orc barely misses you.
The orc hits you but does no damage. x2
You shoot a sling bullet.
The sling bullet hits the orc but does no damage.
The orc is moderately wounded.
The orc barely misses you. x2; The orc hits you with a +0 club. x2
The orc closely misses you. The orc hits you with a +0 club.
The orc hits you but does no damage. The orc hits you with a +0 short sword.
You shoot a sling bullet. The sling bullet hits the orc.
The orc is heavily wounded.
The orc barely misses you. The orc hits you with a +0 short sword.
The orc hits you but does no damage. The orc misses you.
You shoot a sling bullet.
The sling bullet hits the orc but does no damage.
The orc is heavily wounded.
The orc hits you with a +0 falchion. The orc closely misses you.
The orc completely misses you. The orc barely misses you.
You shoot a sling bullet. The sling bullet barely misses the orc.
The orc hits you with a +0 falchion. The orc closely misses you.
The orc barely misses you. The orc hits you but does no damage. x2
The orc barely misses you. The orc hits you with a +0 club.
You die...

#.....## #.####..#.#..
#......## #5.5?.#..##.
#.......##x##..^ #^.##
#........#.#..^..##.x#
#......###.\.###...###
#.....## ###.## #.
####..# #. #..# ##
#o@# #


#ooo# ## #....# ###. ......# #^).. ###..... ..... #...... ..... ....... .....
.......#> #.....# #[..... You could see 4 orcs.

Vanquished Creatures
  3 adders
  A worm (D:2)
  2 dart slugs
  3 bats (D:1)
  10 endoplasms
  A giant cockroach (D:1)
  6 goblins
  4 hobgoblins
  5 jackals (D:1)
  3 quokkas
  3 ball pythons
  2 frilled lizards
  3 kobolds
  2 rats
48 creatures vanquished.

Notes
Turn   | Place    | Note
-------+----------+-------------------------------------------
     0 | D:1      | qw the Gargoyle Hexslinger began the quest for the Orb.
     0 | D:1      | Reached XP level 1. HP: 12/12 MP: 2/2
     0 | D:1      | 0 ||| qw: Version: 0.3-a-41-g9d075ac
     0 | D:1      | 0 ||| qw: Game counter: 720
     0 | D:1      | 0 ||| qw: Melee chars always use a shield: true
     0 | D:1      | 0 ||| qw: God list: Okawaru
     0 | D:1      | 0 ||| qw: Allow faded altars: false
     0 | D:1      | 0 ||| qw: Do Orc after clearing Dungeon:15 true
     0 | D:1      | 0 ||| qw: Do second Lair branch before Depths: true
     0 | D:1      | 0 ||| qw: Lair rune preference: random
     0 | D:1      | 0 ||| qw: Goals: Normal
     0 | D:1      | 0 ||| PLANNING D:1-11
    72 | D:1      | Reached XP level 2. HP: 11/16 MP: 3/3
   175 | D:1      | Reached skill level 3 in Ranged Weapons
   347 | D:1      | Reached XP level 3. HP: 18/21 MP: 4/4
   376 | D:1      | Found a faded altar of an unknown god.
   735 | D:1      | 735 ||| UPGRADING to +0 leather armour.
   745 | D:1      | 745 ||| DROPPING +0 robe.
   746 | D:1      | 746 ||| UPGRADING to +0 helmet.
   751 | D:1      | 751 ||| DROPPING +6 ring of intelligence.
   752 | D:1      | 752 ||| READING scroll labelled DYXATA MIHYOBEI.
   753 | D:1      | 753 ||| DRINKING 4 inky potions.
   754 | D:1      | 754 ||| DROPPING scroll of poison.
   969 | D:2      | Identified the +6 quarterstaff "Qotriopp" {vamp, rCorr}
  1157 | D:2      | Reached XP level 4. HP: 26/26 MP: 5/5
  1296 | D:2      | Reached skill level 4 in Ranged Weapons
  1596 | D:2      | 1596 ||| UPGRADING to +0 ring mail.
  1606 | D:2      | 1606 ||| DROPPING +0 leather armour.
  1607 | D:2      | 1607 ||| READING scroll labelled BAZASETREDU.
  1611 | D:2      | 1611 ||| READING 2 scrolls labelled WOCAEW QICEIFU.
  1612 | D:2      | 1612 ||| READING scroll labelled RUOTEKKOFAN.
  1613 | D:2      | 1613 ||| READING scroll labelled FOCKENUNGA.
  1614 | D:2      | 1614 ||| READING scroll labelled ICOKHI EBOFFE.
  1615 | D:2      | 1615 ||| DRINKING 2 fuming dark potions.
  1616 | D:2      | 1616 ||| DROPPING potion of magic.
  1656 | D:3      | 1656 ||| STAIRDANCE
  1677 | D:3      | 1677 ||| STAIRDANCE
  1697 | D:3      | 1697 ||| STAIRDANCE
  1799 | D:3      | Reached skill level 1 in Armour
  1863 | D:3      | Found a transporter.
  1868 | D:3      | Noticed qw's ghost (amateur GrFi)
  1872 | D:3      | Found a transporter.
  1880 | D:3      | Found a one-way gate to the infinite horrors of the Abyss.
  1881 | D:3      | Noticed a kobold brigand
  1902 | D:3      | HP: 2/26 [orc/+0 falchion (6)]
  1902 | D:3      | Slain by an orc

Levels and vault maps discovered:
D:1:      dpeg_arrival_more_subterranean_lakeside_camping, layout_basic,
          ebering_ecumenical_altar_sacrificial
D:2:      layout_basic, glass_columns_a, minivault_5, minmay_pentomino_z2
D:3:      layout_rooms, tso_metal_star, gammafunk_ghost_abyssal_escape,
          minmay_between

Skill      XL: |  1  2  3  4 |
---------------+-------------+-----
Ranged Weapons | 3 4 |  4.0
Fighting       | 2 |  2.0
Armour         | 1 |  1.2
Dodging        | |  1.5
Spellcasting   | |  1.0
Hexes          | |  2.6

Action                     |  1- 3 |  4- 6 || total
---------------------------+-------+-------++-------
   Fire: Sling             |   117 |    60 ||   177
    Use: Scroll            |     1 |     5 ||     6
         Potion            |     1 |     1 ||     2
 Armour: Robe              |    16 |       ||    16
         Leather armour    |     7 |     2 ||     9
         Ring mail         |       |    33 ||    33
  Dodge: Dodged            |    35 |    34 ||    69

Table legend:
 A = Non-vault XP
 B = Vault XP
 C = Vault XP percentage of total XP
 D = Non-vault monster count
 E = Vault monster count
 F = Vault count percentage of total count
                 A         B        C        D         E       F
            +---------+---------+-------+---------+---------+-------
      Total |     108 |      17 |  13.6 |      42 |       6 |  12.5
            +---------+---------+-------+---------+---------+-------
        D:1 |      54 |       0 |   0.0 |      30 |       0 |   0.0
        D:2 |      36 |      15 |  29.4 |       8 |       5 |  38.5
        D:3 |      18 |       2 |  10.0 |       4 |       1 |  20.0
            +---------+---------+-------+---------+---------+-------
